[Event "Team 45 45 League T44"]
[Site "Internet Chess Club"]
[Date "2010.02.28"]
[Round "4"]
[White "ars-felidae"]
[Black "ryan2chess"]
[Result "1-0"]
[WhiteElo "1349"]
[BlackElo "1446"]
[Opening "Giuoco Pianissimo: Italian four knights variation"]
[ECO "C55"]
[Time "10:06:33"]
[TimeControl "2700+45"]

1. e4 e5 2. Nf3 Nc6 3. Bc4 Nf6 4. d3 Bc5 5. Nc3 Na5 6. Bg5 Nxc4 7. dxc4 Qe7 8.
Nd5 Qe6 9. Nxc7+ Kd8 10. Nxe6+ Ke7 11. Nxc5 d6 12. Na4 Be6 13. Qd3 Rac8 14. b3
h6 15. Bxf6+ gxf6 16. O-O-O Rcd8 17. Nc3 a6 18. Nd5+ Bxd5 19. Qxd5 Rd7 20. Nh4
Kd8 21. Nf5 Kc7 22. Nxd6 Rhd8 23. Qxb7# {Black checkmated} 1-0

[Event "Team 45 45 League T44"]
[Site "Internet Chess Club"]
[Date "2010.02.28"]
[Round "4"]
[White "BotanicalKnight"]
[Black "Tjet"]
[Result "1/2-1/2"]
[WhiteElo "1570"]
[BlackElo "1529"]
[Opening "King's pawn opening"]
[ECO "B07"]
[Time "16:03:20"]
[TimeControl "2700+45"]

1. e4 d6 2. g3 e5 3. Bg2 g6 4. d3 Bg7 5. f4 exf4 6. gxf4 Qh4+ 7. Kf1 Bd4 8. Qf3
Bg4 9. Qg3 Qxg3 10. hxg3 Ne7 11. Nc3 Bd7 12. Nf3 Bg7 13. Be3 a6 14. Ke2 Bg4 15.
Bh3 Bxf3+ 16. Kxf3 Nbc6 17. Ne2 Rb8 {Game drawn by mutual agreement} 1/2-1/2

[Event "Team 45 45 League T44"]
[Site "Internet Chess Club"]
[Date "2010.03.01"]
[Round "4"]
[White "BishopMike"]
[Black "The-Capitalist"]
[Result "1-0"]
[WhiteElo "1498"]
[BlackElo "1390"]
[Opening "Caro-Kann: advance variation"]
[ECO "B12"]
[Time "17:34:35"]
[TimeControl "2700+45"]

1. e4 c6 2. d4 d5 3. e5 Bf5 4. Bd3 Bxd3 5. Qxd3 e6 6. a3 f6 7. Nf3 Be7 8. Be3
Nh6 9. exf6 Bxf6 10. Ne5 Bxe5 11. Bxh6 gxh6 12. dxe5 Qg5 13. O-O Qxe5 14. Qh3
Qf6 15. Re1 e5 16. Qh5+ Kd8 17. Qxe5 Rf8 18. Qxf6+ Rxf6 19. Nc3 Na6 20. Rad1 Kd7
21. Ne4 Rf7 22. c4 Kc7 23. cxd5 cxd5 24. Rxd5 Re7 25. Rc1+ Kb6 26. Rd6+ Ka5 27.
b4+ Ka4 28. f3 Rc7 29. Rxc7 Nxc7 30. Nc5+ Kxa3 31. Rd7 Na6 32. Nxa6 bxa6 33.
Rxh7 Kxb4 34. Rxh6 a5 35. Rh4+ Kb3 36. g4 a4 37. f4 a3 38. Rh3+ Kb2 39. Re3 Rc8
40. Rxa3 Kxa3 41. Kg2 Rc2+ 42. Kh3 a5 43. f5 Rc3+ 44. Kh4 Rc8 45. g5 a4 46. g6
Kb2 47. f6 Rg8 48. f7 Rc8 49. g7 Rc4+ 50. Kh5 Rc5+ 51. Kg6 Rc6+ 52. Kh7 Rc7 53.
f8=Q a3 54. Qb8+ {Black resigns} 1-0

[Event "Team 45 45 League T44"]
[Site "Internet Chess Club"]
[Date "2010.02.26"]
[Round "4"]
[White "KingOfHearts"]
[Black "Visin"]
[Result "1-0"]
[WhiteElo "1317"]
[BlackElo "1321"]
[Opening "King's pawn game"]
[ECO "C50"]
[Time "14:00:15"]
[TimeControl "2700+45"]

1. e4 e5 2. Nf3 Nc6 3. Bc4 h6 4. d4 exd4 5. Nxd4 Bc5 6. Qh5 Qe7 7. Bxf7+ Qxf7 8.
Qxc5 Nge7 9. O-O d6 10. Qc3 O-O 11. Nxc6 Nxc6 12. Qg3 Nd4 13. Qd3 Nc6 14. Be3
Ne5 15. Qb3 b6 16. Nd2 Be6 17. Qa4 Ng4 18. b3 Nxe3 19. fxe3 Qg6 20. Kh1 a5 21.
Nf3 Rae8 22. Qd4 Bc8 23. Nh4 Qg5 24. Nf3 Qg4 25. Qc4+ Kh8 26. Qxc7 Qxe4 27. Qxb6
Qxc2 28. Qxd6 Bb7 29. Nh4 Rxf1+ 30. Rxf1 Qe4 31. Rf8+ Rxf8 32. Qxf8+ Kh7 33.
Qf5+ Qxf5 34. Nxf5 Be4 35. Nd6 Bb1 36. a3 Ba2 37. b4 axb4 38. axb4 Bd5 39. b5
Kg6 40. b6 Kf6 41. b7 Bxb7 42. Nxb7 Ke5 43. Kg1 Ke4 44. Kf2 g6 45. Nc5+ Kd5 46.
Nb3 g5 47. Nd4 h5 48. Kf3 Ke5 49. g4 h4 50. Nc6+ Ke6 51. e4 Kd6 52. Nd4 Ke5 53.
Ke3 Kd6 54. Nf3 {Black resigns} 1-0

[Event "Team 45 45 League T44"]
[Site "Internet Chess Club"]
[Date "2010.02.28"]
[Round "4"]
[White "katabatico"]
[Black "kjs110"]
[Result "1-0"]
[WhiteElo "1344"]
[BlackElo "1090"]
[Opening "Caro-Kann: exchange variation"]
[ECO "B13"]
[Time "13:00:29"]
[TimeControl "2700+45"]

1. e4 c6 2. d4 d5 3. exd5 cxd5 4. Bd3 Nf6 5. c3 e6 6. Bf4 Be7 7. Nf3 O-O 8. O-O
b6 9. Ne5 Ba6 10. Re1 Bxd3 11. Qxd3 Nbd7 12. Nc6 Qe8 13. Nxe7+ Qxe7 14. Bg5 Qd6
15. h3 h6 16. Bh4 Qf4 17. Bg3 Qg5 18. Nd2 Rac8 19. Nf3 Qg6 20. Qxg6 fxg6 21.
Rxe6 Rce8 22. Rae1 Rxe6 23. Rxe6 Ne4 24. Rxg6 Nxg3 25. Rxg3 Nf6 26. Ne5 Ne4 27.
Rf3 Rxf3 28. Nxf3 Kf7 29. Ne5+ Ke6 30. f3 Nd2 31. g4 Nc4 32. Nxc4 dxc4 33. Kf2
g5 34. a4 a5 35. Ke3 Kd5 36. f4 gxf4+ 37. Kxf4 Ke6 38. h4 Kf6 39. g5+ hxg5+ 40.
hxg5+ Kg6 41. d5 Kf7 42. d6 Ke6 43. g6 Kxd6 44. g7 {Black resigns} 1-0

[Event "Team 45 45 League T44"]
[Site "Internet Chess Club"]
[Date "2010.02.28"]
[Round "4"]
[White "wekabird"]
[Black "AlPearson"]
[Result "0-1"]
[WhiteElo "1152"]
[BlackElo "1480"]
[Opening "English opening"]
[ECO "A16"]
[Time "20:00:28"]
[TimeControl "2700+45"]

1. c4 Nf6 2. Nc3 g6 3. Nf3 Bg7 4. g3 d6 5. h3 Nc6 6. Bg2 e5 7. e4 O-O 8. O-O Nh5
9. Rb1 f5 10. d3 f4 11. g4 Nf6 12. a3 Nxg4 13. b4 Nf6 14. Ne2 h6 15. b5 Ne7 16.
Re1 g5 17. d4 Nxe4 18. Bb2 exd4 19. Nexd4 Nf6 20. Ne6 Bxe6 21. Rxe6 Qd7 22. Qe1
Rae8 23. Bxf6 Rxf6 24. Nd4 Rxe6 25. Nxe6 Nf5 26. Bd5 Kh8 27. Qe4 Nd4 28. Re1
Nxe6 29. Bxe6 Qe7 30. Qxb7 Bd4 31. Qd5 Bc5 32. Qf5 Kg7 33. Qd3 Qf6 34. Qd5 Bxa3
35. Ra1 Qxe6 36. Qd4+ Qe5 37. Qxe5+ Rxe5 38. Rxa3 Rc5 39. Rxa7 Kf6 40. Rb7 Rxc4
41. b6 cxb6 42. Rxb6 Ke5 43. Rb8 Rc6 44. Re8+ Kf6 45. Rh8 Kg7 46. Re8 Kf7 47.
Re1 d5 48. Rd1 Rd6 49. f3 d4 50. Kf2 d3 51. Ke1 Kf6 52. Kd2 Re6 53. Re1 Rxe1 54.
Kxe1 Ke5 55. Kd2 Kd4 56. Ke1 Ke3 57. Kd1 Kxf3 58. Kd2 Kg3 59. Kxd3 g4 60. hxg4
Kxg4 61. Ke2 Kg3 62. Kf1 f3 63. Kg1 f2+ 64. Kf1 h5 {White resigns} 0-1

[Event "Team 45 45 League T44"]
[Site "Internet Chess Club"]
[Date "2010.02.27"]
[Round "4"]
[White "TheronUAL"]
[Black "WilmaP"]
[Result "1-0"]
[WhiteElo "1489"]
[BlackElo "1090"]
[Opening "French defense"]
[ECO "C00"]
[Time "09:12:45"]
[TimeControl "2700+45"]

1. e4 e6 2. Nc3 Bb4 3. a3 Bc5 4. Nf3 c6 5. d4 Bb6 6. Bg5 f6 7. Be3 d5 8. e5 Ne7
9. Qd2 Nf5 10. O-O-O a5 11. g4 Nxe3 12. Qxe3 Nd7 13. h4 Bc7 14. Ne2 fxe5 15.
Nxe5 Nf6 16. f3 b5 17. Nxc6 Qd6 18. Ne5 b4 19. a4 Rb8 20. b3 O-O 21. h5 Ba6 22.
g5 Nd7 23. f4 Nxe5 24. fxe5 Qc6 25. Bh3 Bd8 26. Kb1 Rc8 27. Rd2 Qb6 28. Nf4 Bxg5
29. Bxe6+ Kh8 30. Bxc8 Bxf4 31. Qf3 Bxc8 32. Rh4 g5 33. hxg6 Rg8 34. Rxh7#
{Black checkmated} 1-0

[Event "Team 45 45 League T44"]
[Site "Internet Chess Club"]
[Date "2010.03.01"]
[Round "4"]
[White "Salvatore"]
[Black "powerchess1"]
[Result "0-1"]
[WhiteElo "1658"]
[BlackElo "1734"]
[Opening "Dutch"]
[ECO "A80"]
[Time "18:13:06"]
[TimeControl "2700+45"]

1. d4 f5 2. Nf3 Nf6 3. Bg5 e6 4. Nbd2 Be7 5. Bxf6 Bxf6 6. e4 fxe4 7. Nxe4 O-O 8.
Bd3 Be7 9. O-O d5 10. Ng3 Nd7 11. Re1 Rf6 12. Bxh7+ Kxh7 13. Ng5+ Kg8 14. Qh5
Rh6 15. Qf7+ Kh8 16. Rxe6 Bxg5 17. Rxh6+ Bxh6 18. Re1 Nf6 19. Re7 Qg8 20. Qg6
Qf8 21. Rf7 Qg8 22. Rxf6 Bd7 23. Rf3 Re8 24. h3 Qe6 25. Qh5 Kh7 26. Nf5 Qg6 27.
Qxg6+ Kxg6 28. Ne3 Bxe3 29. Rxe3 Rxe3 30. fxe3 Kf5 31. Kf2 Ke4 32. a3 g5 33. Ke2
a5 34. Kd2 b5 35. Ke2 b4 36. axb4 axb4 37. Kd2 Bb5 38. c3 b3 39. g3 Kf3 40. h4
Kg4 41. hxg5 Kxg5 42. Ke1 Kg4 43. Kf2 Bd3 44. Kg2 Be4+ 45. Kf2 c6 {White
resigns} 0-1

[Event "Team 45 45 League T44"]
[Site "Internet Chess Club"]
[Date "2010.02.24"]
[Round "4"]
[White "thefranman"]
[Black "milesotoole"]
[Result "1-0"]
[WhiteElo "1472"]
[BlackElo "1382"]
[Opening "English: symmetrical variation"]
[ECO "A34"]
[Time "13:00:31"]
[TimeControl "2700+45"]

1. c4 c5 2. Nc3 g6 3. d3 Bg7 4. Nf3 Nf6 5. e3 O-O 6. Be2 Nc6 7. O-O d6 8. a3 a5
9. Qc2 Re8 10. Bd2 Bg4 11. Rac1 Ne5 12. Nxe5 Bxe2 13. Nxf7 Kxf7 14. Nxe2 Qd7 15.
d4 b6 16. dxc5 bxc5 17. Nc3 Qc6 18. f4 e6 19. h3 d5 20. cxd5 Nxd5 21. e4 Bd4+
22. Kh2 Ne3 23. Bxe3 Bxe3 24. Rce1 Bd4 25. Ne2 Rac8 26. Ng3 Rf8 27. f5 Be5 28.
fxg6+ Kxg6 29. Qe2 Bxg3+ 30. Kxg3 Qd6+ 31. e5 Qe7 32. Qg4+ Qg5 33. Qxg5+ Kxg5
34. h4+ Kg6 35. Rf3 Rb8 36. Re2 Rbd8 37. Ref2 Kg7 38. Rf6 Rde8 39. Rxf8 Rxf8 40.
Rxf8 Kxf8 41. Kf4 Kg7 42. g4 h6 43. h5 c4 44. g5 hxg5+ 45. Kxg5 Kh7 46. Kf6 Kh6
47. Kxe6 Kxh5 48. Kd7 Kg6 49. e6 {Black resigns} 1-0

[Event "Team 45 45 League T44"]
[Site "Internet Chess Club"]
[Date "2010.02.28"]
[Round "4"]
[White "rubo"]
[Black "pawnward"]
[Result "1/2-1/2"]
[WhiteElo "1838"]
[BlackElo "1631"]
[Opening "Bird: From gambit, Lasker variation"]
[ECO "A02"]
[Time "17:00:12"]
[TimeControl "2700+45"]

1. f4 e5 2. fxe5 d6 3. exd6 Bxd6 4. Nf3 g5 5. d4 g4 6. Ng5 f5 7. e4 h6 8. e5 Be7
9. Nh3 gxh3 10. Qh5+ Kf8 11. Bc4 Rh7 12. c3 hxg2 13. Rg1 Bh4+ 14. Kd1 Rg7 15.
Rxg2 Bg5 16. h4 Bxc1 17. Kxc1 Qe7 18. Rxg7 Qxg7 19. Nd2 Ne7 20. Kc2 Qg6 21. Qxg6
Nxg6 22. Rg1 Ne7 23. b3 c6 24. Nf3 b5 25. Bd3 Be6 26. h5 Nd7 27. Nh4 Kf7 28. Rf1
Rf8 29. Nxf5 Nxf5 30. Bxf5 Ke7 31. Bd3 Rxf1 32. Bxf1 Bg4 33. Bg2 c5 34. Bc6 Bxh5
35. Bxb5 cxd4 36. cxd4 Be8 37. a4 Nb6 38. Be2 h5 39. Kd2 Nd5 40. Bf3 Bf7 41. Ke1
Nf4 42. Bd1 h4 43. Kf1 Ne6 44. d5 Nd8 45. Bf3 a5 46. Kg2 Ne6 47. d6+ Kd8 48. Bg4
Nd4 49. Kh3 Be6 50. Kxh4 Bxg4 51. Kxg4 Nxb3 52. e6 Nc5 53. Kf5 Nxa4 54. Kf6 Nb6
55. e7+ Ke8 56. Ke5 a4 57. Kd4 a3 58. Kc3 a2 59. Kb2 Nc4+ 60. Kxa2 {Game drawn
by mutual agreement} 1/2-1/2

[Event "Team 45 45 League T44"]
[Site "Internet Chess Club"]
[Date "2010.02.25"]
[Round "4"]
[White "maestrogaffney"]
[Black "Portola"]
[Result "1-0"]
[WhiteElo "1665"]
[BlackElo "1783"]
[Opening "QGD Slav: 4.Nc3"]
[ECO "D15"]
[Time "22:30:12"]
[TimeControl "2700+45"]

1. d4 d5 2. c4 c6 3. Nf3 Nf6 4. Nc3 Bf5 5. Qb3 b6 6. cxd5 Nxd5 7. e4 Nxc3 8.
exf5 Nd5 9. Bd3 g6 10. O-O Bg7 11. Bg5 O-O 12. Rfe1 h6 13. Bh4 g5 14. Bg3 Nd7
15. Rac1 Nb8 16. Ne5 Bxe5 17. Bxe5 Qd7 18. Qd1 f6 19. Bg3 Kh7 20. Qh5 Rg8 21.
Re4 Qe8 22. Qe2 Rg7 23. Re6 b5 24. Qe4 Na6 25. Rexc6 Nab4 26. Bxb5 Qd8 27. R6c5
Nf4 28. Bxf4 gxf4 29. a3 Na2 30. Ra1 Qg8 31. Bc4 Qb8 32. Rxa2 Qd8 33. Qxf4 Qb6
34. b4 a5 35. Qc7 Qxc7 36. Rxc7 axb4 37. axb4 Rb8 38. b5 Rd8 39. Ra6 Rxd4 40. b6
Rg8 41. Bxg8+ Kxg8 42. Ra1 {Black resigns} 1-0

[Event "Team 45 45 League T44"]
[Site "Internet Chess Club"]
[Date "2010.02.25"]
[Round "4"]
[White "g8wrb"]
[Black "Manders"]
[Result "0-1"]
[WhiteElo "1579"]
[BlackElo "1561"]
[Opening "Sicilian: Alapin's variation (2.c3)"]
[ECO "B22"]
[Time "16:02:22"]
[TimeControl "2700+45"]

1. e4 c5 2. c3 Nf6 3. e5 Nd5 4. d4 e6 5. Nf3 Nc6 6. Bc4 Nb6 7. Bd3 d5 8. O-O
cxd4 9. cxd4 Bd7 10. Nc3 Be7 11. Bf4 g5 12. Be3 h5 13. Qd2 Rg8 14. Nb5 g4 15.
Ne1 a6 16. Nd6+ Bxd6 17. exd6 Qf6 18. Be2 O-O-O 19. Rc1 Kb8 20. f4 Nc8 21. f5
exf5 22. Bf4 Qxd4+ 23. Kh1 Qxd2 24. Bxd2 Nxd6 25. Bf4 Rg6 26. Rc5 Nd4 27. Bd3
Be6 28. Bxd6+ Rxd6 29. Rf4 Nc6 30. Bxf5 Rf6 31. g3 Rxf5 {White resigns} 0-1

[Event "Team 45 45 League T44"]
[Site "Internet Chess Club"]
[Date "2010.02.27"]
[Round "4"]
[White "SlimeDog2"]
[Black "Paulkov"]
[Result "1/2-1/2"]
[WhiteElo "2130"]
[BlackElo "2145"]
[Opening "Benoni: fianchetto variation"]
[ECO "A62"]
[Time "22:01:39"]
[TimeControl "2700+45"]

1. d4 Nf6 2. c4 c5 3. d5 e6 4. Nc3 exd5 5. cxd5 d6 6. Nf3 g6 7. g3 Bg7 8. Bg2
O-O 9. O-O Re8 10. Nd2 Nbd7 11. h3 a6 12. a4 Rb8 13. Nc4 Ne5 14. Na3 c4 15. f4
Ned7 16. Nxc4 b5 17. axb5 axb5 18. Nd2 Nc5 19. b4 Nh5 20. Rf3 Na4 21. Ndb1 Qb6+
22. Kh2 Bd7 23. Ra2 Rbc8 24. Bd2 Qd4 25. Nxa4 bxa4 26. Nc3 Qc4 {Game drawn by
mutual agreement} 1/2-1/2

[Event "Team 45 45 League T44"]
[Site "Internet Chess Club"]
[Date "2010.02.24"]
[Round "4"]
[White "chsrules88"]
[Black "screamingeagle"]
[Result "1-0"]
[WhiteElo "2005"]
[BlackElo "2015"]
[Opening "French: advance, Euwe variation"]
[ECO "C02"]
[Time "21:34:01"]
[TimeControl "2700+45"]

1. e4 e6 2. d4 d5 3. e5 c5 4. c3 Nc6 5. Nf3 Bd7 6. Bd3 cxd4 7. cxd4 Qb6 8. Bc2
Bb4+ 9. Nc3 Rc8 10. O-O Na5 11. Ng5 Bxc3 12. bxc3 Rxc3 13. Bd2 Rc7 14. Rb1 Qa6
15. Qf3 Bc6 16. Bb4 Nc4 17. Nxe6 fxe6 18. Qf8+ Kd7 19. Qxg7+ Ne7 20. Bxe7 Rhc8
21. Bd6+ Kd8 22. Qf6+ {Black resigns} 1-0

[Event "Team 45 45 League T44"]
[Site "Internet Chess Club"]
[Date "2010.02.25"]
[Round "4"]
[White "Constrictor"]
[Black "tammany"]
[Result "0-1"]
[WhiteElo "1843"]
[BlackElo "1771"]
[Opening "Queen's Indian: Petrosian system"]
[ECO "E12"]
[Time "20:00:20"]
[TimeControl "2700+45"]

1. Nf3 Nf6 2. d4 b6 3. c4 e6 4. a3 Be7 5. Nc3 Bb7 6. e3 O-O 7. Bd3 d5 8. cxd5
exd5 9. Qc2 Nbd7 10. b4 Rc8 11. Bf5 c5 12. bxc5 bxc5 13. dxc5 Rxc5 14. O-O Ne4
15. Bd2 Bf6 16. Nd4 Nb6 17. Bxe4 dxe4 18. Rac1 Ba6 19. Rfd1 Bd3 20. Qb3 Rh5 21.
Nce2 Be5 22. Ng3 Bxg3 23. hxg3 Qg5 24. Bb4 Qh6 25. f4 Rh1+ 26. Kf2 Rxd1 27. Qxd1
Re8 28. Rc6 g6 29. Kg1 Nd5 30. Nf5 Qh5 31. Qxh5 gxh5 32. Nd6 Nxb4 33. axb4 Rb8
34. Rc8+ Rxc8 35. Nxc8 a6 36. Kh2 Kf8 37. Kh3 Ke8 38. Nd6+ Ke7 39. Nc8+ Kd7 40.
Nb6+ Kc6 41. Na4 Kb5 42. Nc5 Kxb4 43. Nd7 a5 44. Nb6 Kb5 45. Nd5 a4 46. Nc3+ Kb4
47. Nxa4 Kxa4 48. Kh4 Kb3 49. g4 hxg4 50. Kxg4 Kc3 51. Kg3 Kd2 52. Kf2 h5 53. g3
f5 {White resigns} 0-1

[Event "Team 45 45 League T44"]
[Site "Internet Chess Club"]
[Date "2010.02.27"]
[Round "4"]
[White "Klampin"]
[Black "Geeloo"]
[Result "1/2-1/2"]
[WhiteElo "2144"]
[BlackElo "2114"]
[Opening "Queen's pawn game, Chigorin variation"]
[ECO "D02"]
[Time "08:00:45"]
[TimeControl "2700+45"]

1. d4 d5 2. Nf3 Nc6 3. Bf4 Bg4 4. Nbd2 e6 5. e3 Bd6 6. Bxd6 cxd6 7. c4 dxc4 8.
Bxc4 d5 9. Bd3 Nf6 10. Qb3 Qb6 11. Qxb6 axb6 12. a3 Ke7 13. Rc1 Rhc8 14. O-O Bh5
15. Rc3 Bg6 16. Bxg6 hxg6 17. Rfc1 Na7 18. Kf1 Rxc3 19. Rxc3 Rc8 20. Rxc8 Nxc8
21. Ke2 Nd7 22. Kd3 f6 23. e4 Kd6 24. g4 dxe4+ 25. Nxe4+ Kd5 26. Nh4 g5 27. Ng2
Ne7 28. f4 gxf4 29. Nxf4+ Kc6 30. Nxe6 g6 31. h4 f5 32. gxf5 Nxf5 33. Nf4 Nxh4
34. d5+ Kc7 35. Ne6+ Kb8 36. Kc4 Nf5 37. Kb5 Ne3 38. d6 Nd5 39. Nd4 Ne5 40. a4
Kc8 41. Ne6 Kd7 42. Nf8+ Ke8 43. Nxg6 Nxg6 44. Nf6+ Nxf6 45. Kxb6 Kd8 46. Kxb7
Ne4 47. Kc6 Nf8 48. a5 Kc8 49. b4 Nc3 50. b5 Nxb5 51. Kxb5 Kb7 52. a6+ Ka7 53.
Kc6 Kxa6 54. Kc7 Kb5 55. Kd8 Kc5 56. d7 Nxd7 {Game drawn because neither player
has mating material} 1/2-1/2

[Event "Team 45 45 League T44"]
[Site "Internet Chess Club"]
[Date "2010.02.25"]
[Round "4"]
[White "spunni"]
[Black "superbeast"]
[Result "0-1"]
[WhiteElo "1891"]
[BlackElo "1834"]
[Opening "Sicilian: Pelikan, Chelyabinsk variation"]
[ECO "B33"]
[Time "13:01:31"]
[TimeControl "2700+45"]

1. e4 c5 2. Nf3 Nc6 3. d4 cxd4 4. Nxd4 Nf6 5. Nc3 e5 6. Ndb5 d6 7. Bg5 a6 8. Na3
b5 9. Nd5 Be7 10. Nxe7 Nxe7 11. Bxf6 gxf6 12. c4 Bb7 13. Bd3 Rg8 14. cxb5 Rxg2
15. bxa6 Bxa6 16. Bxa6 Rxa6 17. Nc4 d5 18. Ne3 Qa5+ 19. Kf1 Rg6 20. exd5 Rd6 21.
Qb3 Nxd5 22. Nc4 Qa6 23. Rg1 Rb6 24. Qd3 Nf4 25. Qe4 Rb4 26. b3 Rxb3 27. Rxg6
fxg6 28. Rd1 Rc3 29. Kg1 Rxc4 30. Qb1 Nh3+ 31. Kg2 Qa8+ 32. f3 Rg4+ {White
resigns} 0-1

[Event "Team 45 45 League T44"]
[Site "Internet Chess Club"]
[Date "2010.03.03"]
[Round "4"]
[White "King96"]
[Black "bogolijubov"]
[Result "0-1"]
[WhiteElo "1686"]
[BlackElo "1836"]
[Opening "Neo-Grünfeld, 5.Nf3"]
[ECO "D73"]
[Time "14:06:16"]
[TimeControl "2700+45"]

1. Nf3 Nf6 2. c4 g6 3. d4 Bg7 4. g3 d5 5. Bg2 dxc4 6. Nc3 O-O 7. Ne5 c6 8. Nxc4
Be6 9. b3 Nd5 10. Bb2 c5 11. Ne4 cxd4 12. Bxd4 Nf4 13. gxf4 Bxd4 14. Rc1 Nc6 15.
e3 Bg7 16. Qe2 Qc7 17. h4 Na5 18. Ng5 Nxc4 19. bxc4 Qa5+ 20. Kf1 Qa3 21. Rc2 Bf5
22. e4 Bc8 23. h5 h6 24. hxg6 hxg5 25. f5 fxg6 26. fxg6 Rf6 27. e5 Rxg6 28. Qh5
Bf5 29. Rh3 Bxh3 30. Qxg6 Bxg2+ 31. Kxg2 Rf8 32. Qe4 Qa6 33. f3 Qc6 34. Qe3 g4
35. Qg5 Qxf3+ 36. Kh2 Qh3+ 37. Kg1 Rf1# {White checkmated} 0-1

[Event "Team 45 45 League T44"]
[Site "Internet Chess Club"]
[Date "2010.02.28"]
[Round "4"]
[White "tsia68"]
[Black "vaknight"]
[Result "1-0"]
[WhiteElo "1831"]
[BlackElo "1657"]
[Opening "English: Anglo-Dutch defense"]
[ECO "A10"]
[Time "13:04:22"]
[TimeControl "2700+45"]

1. c4 f5 2. Nc3 Nf6 3. g3 g6 4. Bg2 Bg7 5. d3 O-O 6. e3 d6 7. Nge2 Nbd7 8. O-O
c6 9. Rb1 a5 10. a3 e5 11. b4 Qc7 12. b5 Rb8 13. Bd2 Nc5 14. Qc2 Bd7 15. d4 Nce4
16. Nxe4 Nxe4 17. b6 Qd8 18. Bxa5 Be6 19. c5 d5 20. f3 Nxg3 21. hxg3 f4 22. Qd2
fxg3 23. Nxg3 Qg5 24. Qf2 Ra8 25. Bb4 exd4 26. exd4 h5 27. Ne2 Rf5 28. Rb3 h4
29. f4 Qh6 30. Bh3 Rf6 31. Bxe6+ Rxe6 32. Rh3 Qh5 33. Re1 Qg4+ 34. Qg2 Bxd4+ 35.
Nxd4 Rxe1+ 36. Bxe1 {Black resigns} 1-0

[Event "Team 45 45 League T44"]
[Site "Internet Chess Club"]
[Date "2010.02.27"]
[Round "4"]
[White "wbanks"]
[Black "Giacometti"]
[Result "1-0"]
[WhiteElo "1601"]
[BlackElo "1706"]
[Opening "Sicilian"]
[ECO "B56"]
[Time "10:01:53"]
[TimeControl "2700+45"]

1. e4 c5 2. Nf3 d6 3. d4 cxd4 4. Nxd4 Nf6 5. Nc3 Nc6 6. Be3 g6 7. f3 Bg7 8. Qd2
Nxd4 9. Bxd4 O-O 10. O-O-O Qa5 11. Kb1 Be6 12. Nd5 Qd8 13. Nxf6+ Bxf6 14. Bxf6
exf6 15. Qxd6 Qa5 16. Qa3 Rad8 17. Be2 Qg5 18. g3 Rc8 19. f4 Qh6 20. Qe7 Qh3 21.
Qxf6 Qg2 22. Bd3 Rfd8 23. f5 Rxd3 24. cxd3 Bxa2+ 25. Kxa2 Qc2 26. Rc1 Qa4+ 27.
Kb1 Re8 28. fxg6 hxg6 29. Rc7 Qb3 30. Rc3 Qb5 31. h4 Re6 32. Rc8+ Re8 33. Rxe8+
Qxe8 34. h5 Qd7 35. hxg6 Qxd3+ 36. Ka1 Qa6+ 37. Qxa6 {Black resigns} 1-0

[Event "Team 45 45 League T44"]
[Site "Internet Chess Club"]
[Date "2010.02.28"]
[Round "4"]
[White "medsurg"]
[Black "houseofcook"]
[Result "1/2-1/2"]
[WhiteElo "1375"]
[BlackElo "1442"]
[Opening "French: Steinitz, Boleslavsky variation"]
[ECO "C11"]
[Time "16:00:33"]
[TimeControl "2700+45"]

1. e4 e6 2. d4 d5 3. Nc3 Nf6 4. e5 Nfd7 5. f4 c5 6. Nf3 Nc6 7. Be3 cxd4 8. Nxd4
Bc5 9. Qd2 Nxd4 10. Bxd4 Bxd4 11. Qxd4 O-O 12. O-O-O f6 13. Bd3 fxe5 14. fxe5
Qg5+ 15. Kb1 Nxe5 16. h4 Qg3 17. b3 Nxd3 18. Rxd3 Qf4 19. Re1 Qxd4 20. Rxd4 Bd7
21. Re5 Rf1+ 22. Kb2 Raf8 23. g4 R1f4 24. Ne2 R4f7 25. c4 dxc4 26. Rxc4 a6 27.
Nd4 Rf2+ 28. Rc2 Rxc2+ 29. Kxc2 Kf7 30. g5 Ke7 31. Kd3 Kd6 32. Re3 e5 33. Ne2
Bb5+ 34. Kd2 Bxe2 35. Kxe2 Ke6 36. Rc3 Rf7 37. Rg3 g6 38. h5 Rc7 39. hxg6 hxg6
40. Kd2 Rd7+ 41. Ke3 Kf5 42. Rg2 Rd4 43. Rf2+ Rf4 44. Rg2 Rg4 45. Rf2+ Kxg5 46.
Rf7 Rg2 47. Rxb7 Rxa2 48. b4 Ra4 49. Ke4 a5 50. Kxe5 axb4 51. Rb5 Kg4 52. Kf6
Ra6+ 53. Ke5 Ra4 54. Kf6 Ra6+ 55. Ke5 {Game drawn by mutual agreement} 1/2-1/2

[Event "Team 45 45 League T44"]
[Site "Internet Chess Club"]
[Date "2010.02.26"]
[Round "4"]
[White "SugarIslander"]
[Black "Kallistos"]
[Result "1-0"]
[WhiteElo "1657"]
[BlackElo "1677"]
[Opening "Scandinavian defense"]
[ECO "B01"]
[Time "15:06:53"]
[TimeControl "2700+45"]

1. e4 d5 2. exd5 Nf6 3. Bc4 Nxd5 4. d4 Bf5 5. Bxd5 Qxd5 6. Nc3 Qxg2 7. Qf3 Qxf3
8. Nxf3 Bxc2 9. Bf4 c6 10. O-O Nd7 11. Rac1 Bd3 12. Rfd1 Bf5 13. Rd2 e6 14. b4
Bxb4 15. Rb2 Bxc3 16. Rxc3 b6 17. a4 Be4 18. Nd2 Bd5 19. Nf1 O-O 20. Ne3 Nf6 21.
Be5 Ne4 22. Nxd5 cxd5 23. Rc7 Rfc8 24. Rbc2 Rxc7 25. Rxc7 f6 26. Bf4 g5 27. Be3
f5 28. h4 f4 29. Bc1 h6 30. hxg5 hxg5 31. f3 Nd6 32. Ba3 Nc4 33. Be7 Nd2 34. Kf2
Nb3 35. Bxg5 Nxd4 36. Bxf4 a6 37. Be5 Nb3 38. Rc6 Nc5 39. Rxb6 Nd7 40. Rxe6 Nxe5
41. Rxe5 Rd8 42. Re7 Rd6 43. Ke3 Kf8 44. Ra7 d4+ 45. Kd3 Ke8 46. a5 Kd8 47. f4
Kc8 48. Rg7 Rd5 49. Rg5 Rd7 50. Rg6 Kb7 51. Rb6+ Ka7 52. Rb4 Rd5 53. Rxd4 Rxa5
54. Ke4 Rh5 55. f5 a5 56. Ke5 Kb6 57. Ke6 Kc5 58. Rd5+ Kc4 59. Rxa5 Rh1 60. f6
Re1+ 61. Kf7 Kb4 62. Rd5 Kc4 63. Rd2 Kc3 64. Rd7 Kc4 65. Re7 Rf1 66. Re2 Kd3 67.
Re6 Kd4 68. Ke7 {Black resigns} 1-0

[Event "Team 45 45 League T44"]
[Site "Internet Chess Club"]
[Date "2010.02.27"]
[Round "4"]
[White "Signalman"]
[Black "oldsj"]
[Result "0-1"]
[WhiteElo "1459"]
[BlackElo "1557"]
[Opening "Sicilian: Najdorf, 6.f4"]
[ECO "B93"]
[Time "09:01:12"]
[TimeControl "2700+45"]

1. e4 c5 2. Nf3 d6 3. d4 cxd4 4. Nxd4 Nf6 5. Nc3 a6 6. f4 b5 7. Bd3 Bb7 8. Qe2
Nbd7 9. O-O e6 10. e5 dxe5 11. fxe5 Bc5 12. exf6 Bxd4+ 13. Be3 Nxf6 14. Rad1
Bxe3+ 15. Qxe3 Qc7 16. Rf4 O-O 17. Rxf6 gxf6 18. Qh6 Qc5+ 19. Kf1 f5 20. Qg5+
Kh8 21. Qf6+ Kg8 22. g4 Qe3 23. Be2 Bf3 24. Rd3 Bxe2+ 25. Nxe2 Qc5 26. gxf5
Qxf5+ 27. Qxf5 exf5 28. Rg3+ Kh8 29. Nf4 Rad8 30. Nd3 Rfe8 31. Kf2 Rg8 32. Rf3
Rg5 33. h3 Kg7 34. Rf4 Kf6 35. Rh4 Kg7 36. Kf3 Re8 37. Nf4 Re1 38. Nh5+ Kf8 39.
Nf6 h6 40. Nh7+ Ke7 41. Rxh6 Rf1+ 42. Ke2 Rgg1 43. Rxa6 Rb1 44. b3 Rg2+ 45. Kf3
Rg7 46. Ra7+ Ke6 47. Nf8+ Kd6 48. Rd7+ Kc6 49. Kf4 Rg8 50. Rxf7 Rf1+ 51. Ke5 f4
52. Rf6+ Kb7 53. Rf7+ Ka6 54. b4 f3 55. Nd7 Re1+ 56. Kf4 f2 57. Nc5+ Kb6 58.
Rf6+ Kc7 59. Na6+ Kd8 60. Rd6+ Ke7 61. Rd3 f1=Q+ 62. Rf3 Qc4+ 63. Kf5 Qe4#
{White checkmated} 0-1